 Dungeon Crawl Stone Soup version 0.21-a0-404-g291f19a (webtiles) character file.

118 Gorice the Cudgeler (level 4, -1/30 HPs)
             Began as a Demonspawn Wanderer on Oct 30, 2017.
             Slain by a slave (7 damage)
             ... led by Pikel
             ... on level 3 of the Dungeon.
             The game lasted 00:10:19 (2111 turns).

Gorice the Cudgeler (Demonspawn Wanderer)           Turns: 2111, Time: 00:10:19

Health: -1/30      AC: 14    Str: 16    XL:     4   Next: 72%
Magic:  7/7        EV:  7    Int: 13    God:
Gold:   124        SH:  7    Dex: 10    Spells: 7/7 levels left

rFire    . . .     SeeInvis .   a - +0 mace
rCold    + . .     Gourm    .   k - +0 shield
rNeg     . . .     Faith    .   d - +2 scale mail
rPois    +         Spirit   .   g - +1 helmet
rElec    .         Reflect  .   (no cloak)
rCorr    .         Harm     .   r - +2 pair of gloves
MR       .....                  (no boots)
Stlth    ..........             B - amulet of regeneration
HPRegen  0.50/turn              C - ring of protection from cold
MPRegen  0.10/turn              p - ring of poison resistance

@: no status effects
A: sturdy frame 1
a: no special abilities


You were on level 3 of the Dungeon.
You were hungry.

You visited 1 branch of the dungeon, and saw 4 of its levels.

You collected 124 gold pieces.

Inventory:

Hand Weapons
 a - a +0 mace (weapon)
 s - a +3 war axe
Missiles
 l - 27 sling bullets
 Y - 37 stones (quivered)
Armour
 d - a +2 scale mail (worn)
 g - a +1 helmet (worn)
 k - a +0 shield (worn)
 r - a +2 pair of gloves (worn)
 w - a cursed +0 scale mail
Jewellery
 p - a ring of poison resistance (right hand)
 B - an amulet of regeneration (around neck)
 C - a ring of protection from cold (left hand)
Scrolls
 e - a scroll of magic mapping {!r}
 j - 2 scrolls of remove curse
 n - a scroll of fog
 q - a scroll of enchant armour
Potions
 b - 2 potions of curing
 i - a potion of flight
 m - a potion of lignification {unknown}
 o - a potion of heal wounds {unknown}
 v - a potion of agility {unknown}
 x - 2 potions of brilliance {!q}
 z - a potion of mutation {!q}
Books
 c - Itirueje's Handbook of Parts Unknown

   Spells                             Type                      Level
   a - Beastly Appendage              Transmutation                1
   b - Ignite Poison                  Fire/Transmutation/Poison    3
 t - a book of Misfortune
Comestibles
 f - 2 bread rations {!e}
 u - 3 meat rations {!e}


   Skills:
 * Level 3.4 Maces & Flails
 - Level 1.0 Throwing
 + Level 3.0 Armour
 - Level 2.0 Spellcasting
   Level 1.0 Hexes
   Level 1.7 Transmutations
   Level 1.0 Evocations


You had 7 spell levels left.
You didn't know any spells.

Dungeon Overview and Level Annotations

Branches:
Dungeon (4/15)
 Temple: D:4-7

Altars:

Annotations:
D:4 Pikel


Innate Abilities, Weirdness & Mutations

Your movements are slightly less encumbered by armour. (ER -2)


Message History

The slave hits you but does no damage.
You closely miss the slave.
The slave is heavily wounded.
The slave hits you.
* * * LOW HITPOINT WARNING * * *
The slave hits you.
* * * LOW HITPOINT WARNING * * *
Damage: 6 (max 7)
Your shield prevents you from hitting the slave.
The slave is heavily wounded.
The slave hits you but does no damage.
You hit the slave but do no damage.
The slave is heavily wounded.
The slave hits you but does no damage. You block the slave's attack.
You closely miss the slave.
The slave is heavily wounded.
You block the slave's attack.
You hit the slave but do no damage.
The slave is heavily wounded.
You block the slave's attack. The slave hits you but does no damage.
You barely miss the slave.
The slave is heavily wounded.
The slave barely misses you.
You hit the slave.
The slave is heavily wounded.
The slave hits you.
* * * LOW HITPOINT WARNING * * *
You closely miss the slave.
The slave is heavily wounded.
The slave barely misses you. The slave hits you.
* * * LOW HITPOINT WARNING * * *
Damage: 5 (max 7)
You hit the slave but do no damage.
The slave is heavily wounded.
The slave hits you.
* * * LOW HITPOINT WARNING * * *
Damage: 4 (max 7)
You feel better. The slave hits you but does no damage.
You barely miss the slave.
The slave is heavily wounded.
The slave hits you!
* * * LOW HITPOINT WARNING * * *
Damage: 7 (max 7)
You hit the slave but do no damage.
The slave is heavily wounded.
The slave hits you but does no damage.
You barely miss the slave.
The slave is heavily wounded.
You block the slave's attack. The slave hits you!
You die...

### #.## #..####
#.....#####
#.###.....##########
#..######@p........##
##.###
##########..### #...#
##...#### ###.#
###..... #.# #......
#.# ####.##### #.#
##..).# # #.#
###..#### # #.##
####<..##


You could see a slave.

Vanquished Creatures
  A slave (D:3)
  6 adders
  An adder skeleton (D:4)
  A worm (D:4)
  3 dart slugs
  2 leopard geckos
  An orc (D:3)
  8 bats
  4 giant cockroaches
  4 goblins
  4 hobgoblins
  5 frilled lizards
  A jackal zombie (D:2)
  7 kobolds
  6 rats
54 creatures vanquished.

Notes
Turn   | Place    | Note
-------+----------+-------------------------------------------
     0 | D:1      | Gorice the Demonspawn Wanderer began the quest for the Orb.
     0 | D:1      | Gorice set off with: a +2 scale mail, a potion of curing, Itirueje's Handbook of Parts Unknown, a +0 club, a bread ration {!e}
     0 | D:1      | Reached XP level 1. HP: 13/13 MP: 3/3
     0 | D:1      | Identified Itirueje's Handbook of Parts Unknown
   206 | D:1      | Reached skill level 2 in Armour
   294 | D:1      | Gained mutation: Your movements are slightly less encumbered by armour. (ER -2) [demonic ancestry]
   294 | D:1      | Reached XP level 2. HP: 14/19 MP: 5/5
   432 | D:1      | Reached skill level 2 in Maces & Flails
   620 | D:2      | Reached XP level 3. HP: 21/24 MP: 6/6
   952 | D:2      | Reached XP level 4. HP: 30/30 MP: 7/7
  1074 | D:2      | Reached skill level 3 in Maces & Flails
  1814 | D:4      | Noticed a slave
  1815 | D:4      | Noticed Pikel
  1815 | D:4      | Noticed a slave
  1818 | D:4      | Noticed a slave
  1842 | D:3      | Killed a slave
  1924 | D:4      | Reached skill level 3 in Armour
  2107 | D:3      | HP: 6/30 [slave[Pikel] (5)]
  2111 | D:3      | Slain by a slave

Vault maps used:
D:1:      scummos_arrival_hexagon
D:4:      serial_undead, serial_undead_d, serial_undead_b, serial_undead_c,
          serial_undead_b, first_bread, uniq_pikel, uniq_natasha

Skill      XL: |  1  2  3  4 |
---------------+-------------+-----
Armour         | 2 3 |  3.0
Maces & Flails | 2 3 |  3.4
Throwing       | |  1.0
Spellcasting   | |  2.0
Hexes          | |  1.0
Transmutations | |  1.7
Evocations     | |  1.0

Action                   |  1- 3 |  4- 6 || total
-------------------------+-------+-------++-------
Melee: Whip              |    24 |       ||    24
       Club              |    11 |       ||    11
       Mace              |   104 |   174 ||   278
Throw: Stone             |     4 |       ||     4
  Use: Scroll            |       |    10 ||    10
       Potion            |       |     1 ||     1
  Eat: Chunk             |       |     4 ||     4
Armor: Scale mail        |    95 |   104 ||   199
Dodge: Dodged            |    83 |    80 ||   163
Block: Shield            |       |    35 ||    35

Table legend:
 A = Spawn XP
 B = Non-spawn XP
 C = Spawn XP percentage of total XP
 D = Spawn monster count
 E = Non-spawn monster count
 F = Spawn count percentage of total count
 G = Total turns spent on level
                    A         B        C        D         E        F      G
               +---------+---------+-------+---------+---------+-------+---------
         Total |       0 |     169 |   0.0 |       0 |      53 |   0.0 |  2111
               +---------+---------+-------+---------+---------+-------+---------
           D:1 |       0 |      25 |   0.0 |       0 |      14 |   0.0 |   568
           D:2 |       0 |      78 |   0.0 |       0 |      18 |   0.0 |   697
           D:3 |       0 |      56 |   0.0 |       0 |      19 |   0.0 |   786
           D:4 |       0 |      10 |   0.0 |       0 |       2 |   0.0 |    60
               +---------+---------+-------+---------+---------+-------+---------

Table legend:
 A = Turns spent in this place as a percentage of turns spent in the entire game.
 B = Non-inter-level travel turns spent in this place as a percentage of non-inter-level travel turns spent in the entire game.
 C = Inter-level travel turns spent in this place as a percentage of turns spent in this place.
 D = Turns resting spent in this place as a percentage of non-inter-level travel turns spent in this place.
 E = Turns spent auto-exploring this place as a percentage of non-inter-level travel turns spent in this place.
 F = Non-inter-level travel turns spent in this place divided by the number of levels of this place that you've seen.
                   A       B       C       D       E      F
               +-------+-------+-------+-------+-------+----------------------
         Total | 100.0 | 100.0 |   5.6 |   9.4 |  47.4 | 498.2
       Dungeon | 100.0 | 100.0 |   5.6 |   9.4 |  47.4 | 498.2
               +-------+-------+-------+-------+-------+----------------------

Vault maps used:
D:1:      scummos_arrival_hexagon
D:4:      serial_undead, serial_undead_d, serial_undead_b, serial_undead_c,
          serial_undead_b, first_bread, uniq_pikel, uniq_natasha
